Map: Goldenaura LE

Players

A.I. 1 (Very Easy) - Winner!

  • Race: Terran Terran
  • Spawn Location: 12:00

Sigil

  • Race: Zerg Zerg
  • League: Master
  • Spawn Location: 5:00

VOD

Have the link to the VOD?

Description

Time

  • Played on: Dec. 10, 2023, 1:40 p.m.
  • Length: 8:09
Show
View Real Time Build Order
Export as new Build Order

A.I. 1 (Very Easy) Terran - Winner!

Build Orders:  

Get SALT Encoding   

  12  0:00  SCV  
  13  0:13  SCV  
  14  0:18  Supply Depot  
  14  0:38  Refinery  
  14  0:43  Barracks  
  14  1:05  Supply Depot  
  14  1:13  Refinery  
  14  1:31  Orbital Command, Marine  
  15  1:57  SCV  
  16  2:09  SCV  
  17  2:16  Barracks Tech Lab  
  17  2:21  SCV  
  18  2:33  SCV  
  18  2:34  Marauder  
  21  2:45  SCV  
  22  2:57  SCV  
  23  3:18  Marine  
  24  5:11  SCV  
  24  6:39  SCV  
  25  6:40  Marine  
  25  6:41  Supply Depot  
  25  6:42  Factory  
  26  6:47  Command Center  
  26  6:51  SCV  
  27  7:03  SCV  
  27  7:05  Supply Depot  
  27  7:11  Marine  
  29  7:15  SCV  
  28  7:27  SCV  
  26  7:30  Starport  
  26  7:39  SCV  
  26  7:42  Marine  
  29  8:06  Starport Tech Lab, Refinery  
Show
View Real Time Build Order
Export as new Build Order

Sigil Zerg 

Build Orders: Hatch First 

Get SALT Encoding   

  12  0:00  Drone  
  13  0:12  Overlord  
  13  0:17  Drone  
  14  0:31  Drone x2  
  16  0:48  Hatchery  
  15  0:52  Drone  
  15  0:55  Drone  
  17  0:59  Drone  
  18  1:08  Extractor  
  17  1:15  Spawning Pool  
  17  1:18  Drone  
  17  1:21  Drone  
  18  1:27  Drone  
  19  1:38  Drone  
  20  1:49  Drone  
  21  2:02  Queen x2  
  21  2:03  Zergling x4  
  27  2:15  Hatchery  
  26  2:19  Overlord  
  26  2:32  Drone x2  
  28  2:38  Drone x3, Metabolic Boost  
  31  2:44  Overlord  
  31  2:52  Queen  
  31  2:55  Drone  
  31  2:56  Drone  
  35  3:00  Drone  
  36  3:08  Drone x2  
  36  3:11  Overlord  
  38  3:14  Drone x2  
  38  3:17  Queen  
  42  3:26  Drone x2  
  43  3:30  Drone  
  43  3:32  Drone x2  
  43  3:33  Queen  
  48  3:36  Overlord  
  48  3:45  Drone x5  
  48  3:48  Drone  
  54  3:50  Drone  
  54  3:55  Overlord  
  55  4:01  Queen  
  57  4:04  Drone x2  
  57  4:09  Drone  
  63  4:10  Drone x3  
  63  4:17  Drone x4  
  63  4:18  Drone x3  
  63  4:23  Hatchery  
  69  4:26  Drone x3  
  72  4:33  Extractor  
  72  4:34  Extractor, Evolution Chamber  
  72  4:35  Evolution Chamber  
  72  4:36  Extractor, Lair  
  67  4:39  Drone x3  
  70  4:48  Drone x3  
  70  4:49  Overlord x2  
  70  4:50  Overlord  
  73  4:53  Drone, Baneling Nest  
  73  5:01  Zerg Ground Armor Level 1  
  73  5:08  Drone x8  
  73  5:12  Drone x3  
  84  5:16  Zerg Melee Weapons Level 1  
  84  5:18  Drone x4  
  88  5:23  Drone  
  89  5:28  Drone  
  89  5:29  Drone x4  
  89  5:32  Overlord  
  94  5:36  Centrifugal Hooks  
  94  5:38  Drone x3  
  94  5:42  Extractor x2, Hatchery  
  94  5:46  Drone  
  94  5:47  Drone, Hatchery  
  95  5:52  Drone x4  
  95  5:54  Drone  
  100  6:04  Infestation Pit, Hydralisk Den  
  99  6:08  Zergling x20  
  99  6:10  Zergling x2  
  109  6:13  Baneling x3  
  109  6:19  Zergling x4  
  109  6:20  Overlord x5  
  111  6:27  Hatchery  
  111  6:28  Zergling x2  
  111  6:32  Grooved Spines  
  111  6:38  Hydralisk x10  
  131  6:41  Baneling x8  
  131  6:43  Baneling  
  131  6:47  Drone x5  
  132  6:53  Zergling x12  
  142  6:54  Hive  
  142  6:58  Zergling x10  
  142  6:59  Overlord  
  147  7:11  Zergling x10  
  152  7:27  Zergling x28  
  152  7:28  Overlord  
  166  7:33  Zergling x4  
  166  7:34  Hatchery  
  166  7:35  Baneling x9  
  167  7:37  Overseer  
  167  7:40  Zergling x20  
  177  7:44  Zergling x2  
  177  7:45  Overlord  
  177  7:46  Overlord  
  177  7:49  Zergling x6  
  185  7:57  Overseer  
Tags
 
League
Master
Matchup
TvZ
Spawn Locations
Cross Positions
Add a new tag
Caveats
  • Supply blocks, unpowered buildings, or Contaminate may cause inaccurate times.
  • Supply counts are checked every 10 seconds.